 Dungeon Crawl Stone Soup version 0.27-a0-1154-gfdeffcb720 (webtiles) character file.

Game seed: 15703220480662910163

21 derath95 the Digger (level 2, 0/15 HPs)
             Began as a Gargoyle Earth Elementalist on May 14, 2021.
             Slain by an adder (2 damage)
             ... on level 1 of the Dungeon.
             The game lasted 00:04:12 (786 turns).

derath95 the Digger (Gargoyle Earth Elementalist)    Turns: 786, Time: 00:04:12

Health: 0/15       AC:  4    Str: 11    XL:     2   Next: 83%
Magic:  4/5        EV: 11    Int: 15    God:
Gold:   57         SH:  0    Dex: 10    Spells: 4/5 levels left

rFire    + . .     SeeInvis .   (no weapon)
rCold    . . .     Faith    .   (no shield)
rNeg     + + .     Spirit   .   c - +0 robe
rPois    ∞         Reflect  .   (no helmet)
rElec    +         Harm     .   (no cloak)
rCorr    .         Rampage  .   (no gloves)
Will     .....                  (no boots)
Stlth    ++........             (no amulet)
HPRegen  0.05/turn              a - ring of protection from fire
MPRegen  0.09/turn              e - ring of positive energy

@: no status effects
A: sickness immunity, AC +2, negative energy resistance 1, electricity
resistance, torment resistance 1, petrification resistance
a: no special abilities


You were on level 1 of the Dungeon.
You visited 1 branch of the dungeon, and saw 2 of its levels.

You collected 57 gold pieces.

Inventory:

Missiles
 b - 5 stones
Armour
 c - a +0 robe (worn)
Jewellery
 a - a ring of protection from fire (left hand)
 e - a ring of positive energy (right hand)
Wands
 d - a wand of iceblast (2)


   Skills:
 - Level 1.5 Dodging
 - Level 2.3 Stealth
 - Level 0.2 Unarmed Combat
 + Level 2.3 Spellcasting
 - Level 0.7 Transmutations
 + Level 4.3 Earth Magic


You had 4 spell levels left.
You knew the following spells:

 Your Spells              Type           Power      Damage    Failure   Level
a - Sandblast             Erth           28%        2d8       3%          1

Your spell library contained the following spells:

 Spells                   Type           Power      Damage    Failure   Level
 Passwall                 Tmut/Erth      7%         N/A       12%         2
 Stone Arrow              Conj/Erth      16%        3d8       26%         3
 Petrify                  Tmut/Erth      9%         N/A       58%         4
 Lee's Rapid Deconstruct  Erth           7%         3d7*      69%         5


Dungeon Overview and Level Annotations

Branches:
Dungeon (2/15)

Altars:
Sif Muna


Innate Abilities, Weirdness & Mutations

You are immune to sickness and miasma.
Your stone body is resilient. (AC +2)
You are immune to poison.
You resist negative energy. (rN+)
You are resistant to electric shocks. (rElec)
You are resistant to unholy torment.
You are immune to petrification.


Message History

Unknown command.
The adder closely misses you. The adder bites you.
The jackal completely misses you. The adder bites you.
You closely miss the adder.
The adder is moderately wounded.
The jackal bites you but does no damage.
The adder bites you. The jackal bites you.
* * * LOW HITPOINT WARNING * * *
The adder completely misses you. The jackal barely misses you. x2
The jackal barely misses you.
The jackal bites you but does no damage.
The jackal misses you. The jackal barely misses you.
The jackal bites you but does no damage.
The jackal misses you. The jackal closely misses you. The adder misses you.
There is a stone staircase leading up here.
The jackal bites you but does no damage.
The adder bites you.
* * * LOW HITPOINT WARNING * * *
You climb upwards.
There is a stone staircase leading down here.
You barely miss the adder.
The adder is moderately wounded.
The jackal closely misses you. The adder closely misses you.
The jackal closely misses you.
You hit the adder.
The adder is heavily wounded.
The adder barely misses you. The jackal bites you.
* * * LOW HITPOINT WARNING * * *
You miss the adder.
The adder is heavily wounded.
The adder barely misses you.
The jackal bites you but does no damage.
The adder bites you.
You die...

#..##.#
#.#.......##
#.###.# #...## ..
#.# #.# #..#.###.#
#.# #.##...##.[.#
#.# #.#.##..#!#!#
##.###..# #.##.$.#
#...##.# ..#.###.
#....hS# ...# #.
#...##@## ... .#
##.###..###. # #.#
#.#.##..#
#.###........
###.....#######
##.###..(.........#
#.......†..#.####.#
#..###.#.#.#.#
#.#)....#


You could see an adder and a jackal.

Vanquished Creatures
  A dart slug (D:2)
  3 bats
  2 endoplasms
  A goblin (D:1)
  A hobgoblin (D:2)
  3 jackals (D:2)
  2 quokkas (D:2)
  2 frilled lizards
  A kobold (D:1)
  A rat (D:1)
17 creatures vanquished.

Notes
Turn   | Place    | Note
-------+----------+-------------------------------------------
     0 | D:1      | derath95 the Gargoyle Earth Elementalist began the quest
                  | for the Orb.
     0 | D:1      | Reached XP level 1. HP: 10/10 MP: 3/3
   183 | D:1      | Found a faded altar of an unknown god.
   226 | D:1      | You fall into a shaft and drop 1 floor!
   230 | D:2      | Reached skill level 4 in Earth Magic
   230 | D:2      | Reached XP level 2. HP: 15/15 MP: 1/5
   585 | D:2      | Found a shimmering blue altar of Sif Muna.
   786 | D:1      | Slain by an adder

Illustrated notes

Levels and vault maps discovered:
D:1:      wander_arrival_desolate, layout_loops_ring, serial_shops, shop_statue,
          ebering_ecumenical_altar_hall, minmay_heptomino_d4
D:2:      layout_rooms, basic_altar

Skill      XL: |  1 |
---------------+----+-----
Earth Magic    | 4 |  4.3
Dodging        | |  1.5
Stealth        | |  2.3
Unarmed Combat | |  0.2
Spellcasting   | |  2.3
Transmutations | |  0.7

Action                   || total
-------------------------++-------
Melee: Unarmed           ||    44
 Cast: Sandblast         ||    26
 Stab: Sleeping          ||     3
Armor: Robe              ||    27
Dodge: Dodged            ||    54

Table legend: (Time is in decaauts)
 A = Elapsed time spent in this place.
 B = Non-inter-level travel time spent in this place.
 C = Inter-level travel time spent in this place.
 D = Time resting spent in this place.
 E = Time spent auto-exploring this place.
 F = Levels seen in this place.
 G = Mean time per level.
                   A        B        C        D        E       F      G
               +--------+--------+--------+--------+--------+-----+--------+
         Total |    785 |    785 |      0 |      0 |    597 |   2 |  392.5 |
       Dungeon |    785 |    785 |      0 |      0 |    597 |   2 |  392.5 |
               +--------+--------+--------+--------+--------+-----+--------+

Top non-repeatable levels by time:
     D:2: 556 daAuts
     D:1: 229 daAuts
